 Dungeon Sprint DCSS version 0.23.0 (webtiles) character file.

Game seed: 1724572351803659706

646 Kairos the Cruncher (level 7, -16/62 (63) HPs)
             Began as a Formicid Fighter on Feb 12, 2019.
             Demolished by a tyrant leech (27 damage)
             ... in the Dungeon (Sprint II: "The Violet Keep of Menkaure").
             The game lasted 00:00:52 (282 turns).

Kairos the Cruncher (Formicid Fighter)               Turns: 282, Time: 00:00:52

HP:   -16/62 (63)   AC:  8    Str: 27    XL:     7   Next: 82%
MP:   7/7           EV: 10    Int:  8    God:
Gold: 0             SH: 12    Dex: 10    Spells: 6/6 levels left

rFire    . . .     SeeInvis +   a - +0 quarterstaff
rCold    . . .     Gourm    .   c - +0 shield
rNeg     . . .     Faith    .   b - +0 scale mail
rPois    .         Spirit   .   (helmet unavailable)
rElec    .         Reflect  .   (no cloak)
rCorr    .         Harm     .   (no gloves)
MR       .....                  (no boots)
Stlth    ..........             (no amulet)
HPRegen  0.20/turn              (no ring)
MPRegen  0.10/turn              (no ring)

@: mighty
A: permanent stasis, dig shafts and tunnels, four strong arms, antennae 3
a: Dig


You were in the Dungeon.
You were not hungry.

You visited 1 branch

Inventory:

Hand Weapons
 a - a +0 quarterstaff (weapon)
Armour
 b - a +0 scale mail (worn)
 c - a +0 shield (worn)
Scrolls
 k - a scroll of blinking
Potions
 e - a potion of curing
 g - a potion of heal wounds
 h - a potion of haste
 i - 2 potions of magic
 j - a potion of berserk rage
Comestibles
 f - a ration


   Skills:
 + Level 8.8 Fighting
 + Level 9.8 Staves
 + Level 9.2 Armour
 + Level 1.2 Dodging
 + Level 8.5 Shields


You had 6 spell levels left.
You didn't know any spells.
Your spell library was empty.

Dungeon Overview and Level Annotations

Branches:
Dungeon (1/1)

Altars:


Innate Abilities, Weirdness & Mutations

You cannot be hasted, slowed, berserked, paralysed or teleported.
You can dig through walls and to a lower floor.
Your four strong arms can wield two-handed weapons with a shield.
You have a pair of large antennae on your head. (SInv)


Message History

The tyrant leech is severely wounded.
The tyrant leech misses you.
You miss the tyrant leech.
The tyrant leech is severely wounded.
You block the tyrant leech's attack.
You miss the tyrant leech.
The tyrant leech is severely wounded.
You block the tyrant leech's attack.
You barely miss the tyrant leech.
The tyrant leech is severely wounded.
You bludgeon the tyrant leech!!
You kill the tyrant leech!
Your Staves skill increases to level 9!
Your Armour skill increases to level 9!
Your Dodging skill increases to level 1!
You bludgeon the tyrant leech!!
The tyrant leech is moderately wounded.
You hit the tyrant leech.
The tyrant leech is moderately wounded.
The tyrant leech bites you!!
You die...

{ {## ## {
##. .## ..
.. # .#. ##
##. #†# #.#
#...##.##..#
#w@<.†#
#..$##.##..#
##. #'# #.#
# #.#.# ##
#.# ..# ##
.## { ##


You could see a tyrant leech.

Vanquished Creatures
  A tyrant leech (D)
  4 necrophages (D)
  4 worker ants (D)
  3 worms (D)
12 creatures vanquished.

Vanquished Creatures (others)
  A crocodile (D)
1 creature vanquished.

Grand Total: 13 creatures vanquished

Notes
Turn   | Place    | Note
-------+----------+-------------------------------------------
     0 | D        | Kairos the Formicid Fighter began the quest for the Orb.
     0 | D        | Reached XP level 1. HP: 18/18 MP: 1/1
    16 | D        | Reached XP level 2. HP: 12/25 MP: 2/2
    26 | D        | Killed a crocodile
   222 | D        | Noticed a necrophage
   222 | D        | Noticed a necrophage
   222 | D        | Noticed a necrophage
   222 | D        | Noticed a necrophage
   237 | D        | Killed a necrophage
   237 | D        | Reached skill level 5 in Fighting
   237 | D        | Reached skill level 5 in Staves
   237 | D        | Reached skill level 5 in Shields
   237 | D        | Reached XP level 3. HP: 19/33 MP: 3/3
   237 | D        | Reached XP level 4. HP: 22/39 MP: 4/4
   237 | D        | Reached XP level 5. HP: 25/45 MP: 5/5
   239 | D        | Killed a necrophage
   241 | D        | Killed a necrophage
   241 | D        | Reached XP level 6. HP: 31/54 MP: 6/6
   243 | D        | Killed a necrophage
   248 | D        | Reached XP level 7. HP: 37/61 MP: 7/7
   267 | D        | Noticed a tyrant leech
   267 | D        | Noticed a tyrant leech
   280 | D        | Killed a tyrant leech
   280 | D        | Reached skill level 1 in Dodging
   282 | D        | Demolished by a tyrant leech

Skill      XL: |  1  2  3  4  5  6  7 |
---------------+----------------------+-----
Shields        | 4 5 7 8 |  8.5
Fighting       | 4 5 7 8 |  8.8
Armour         | 6 7 8 9 |  9.2
Staves         | 5 7 8 9 |  9.8
Dodging        | 1 |  1.2

Action                   |  1- 3 |  4- 6 |  7- 9 || total
-------------------------+-------+-------+-------++-------
Melee: Quarterstaff      |    29 |     9 |    27 ||    65
  Use: Potion            |     1 |       |       ||     1
Armor: Scale mail        |     4 |       |     2 ||     6
Dodge: Dodged            |     3 |     3 |     2 ||     8
Block: Shield            |     9 |     2 |    10 ||    21
